 Dungeon Crawl Stone Soup version 0.21.1-1-g345015f (webtiles) character file.

39 OldarM the Chopper (level 3, 0/31 HPs)
             Began as a Minotaur Berserker on June 13, 2018.
             Was a Follower of Trog.
             Slain by Natasha (6 damage)
             ... on level 1 of the Dungeon.
             The game lasted 00:11:03 (1146 turns).

OldarM the Chopper (Minotaur Berserker)             Turns: 1146, Time: 00:11:04

Health: 0/31       AC:  3    Str: 21    XL:     3   Next: 28%
Magic:  2/2        EV: 12    Int:  4    God:    Trog [*.....]
Gold:   45         SH:  0    Dex: 10    Spells: 2/2 levels left

rFire    . . .     SeeInvis .   a - +0 hand axe
rCold    . . .     Gourm    .   (no shield)
rNeg     . . .     Faith    .   b - +1 animal skin
rPois    .         Spirit   .   (helmet restricted)
rElec    .         Reflect  .   (no cloak)
rCorr    .         Harm     .   (no gloves)
MR       .....                  (no boots)
Stlth    +.........             (no amulet)
HPRegen  0.10/turn              (no ring)
MPRegen  0.08/turn              (no ring)

@: no status effects
A: retaliatory headbutt, horns 2
a: Berserk, Burn Spellbooks, Renounce Religion


You were on level 1 of the Dungeon.
You worshipped Trog.
Trog was aware of your devotion.
You were very hungry.

You visited 1 branch of the dungeon, and saw 2 of its levels.

You collected 45 gold pieces.


Innate Abilities, Weirdness & Mutations

You reflexively headbutt those who attack you in melee.
You have a pair of horns on your head.


   Skills:
 - Level 3.6 Fighting
 + Level 4.2 Axes
 + Level 3.3 Armour
 + Level 3.0 Dodging


You had 2 spell levels left.
You didn't know any spells.

Inventory:

Hand Weapons
 a - a +0 hand axe (weapon)
Armour
 b - a +1 animal skin (worn)
Scrolls
 f - a scroll of magic mapping {unknown}
Potions
 d - a potion of resistance {unknown}
 e - a potion of degeneration {unknown}
 i - a potion of curing {unknown}
Comestibles
 c - 3 rations {@e1}
 j - 2 chunks of flesh

Dungeon Overview and Level Annotations

Branches:
Dungeon (2/15)

Altars:

Annotations:
D:1 Natasha

## ###.............# #.... .##
##...............# #.##. ..#
##................######(##. #.#
#........................###
######........................#
....#.........................#
.#............................#
##'##........................##
#.####.........h@##..........###
#.####.........g.#####.......#.##
##.#.##.........#######'######.##
###.####.............(.........##
#..## ###..............####.####
.### ####..>..........##.....
#.## ###..########.####### ...#
#..# #.##..).. .#.## #..#
#.##.####


You could see Natasha and a goblin.


Message History

You can't go down here!
The bat closely misses you. Natasha casts a spell at you.
You resist with significant effort. The goblin hits you with a dagger.
* * * LOW HITPOINT WARNING * * *
You climb upwards.
There is a stone staircase leading down here.
You barely miss Natasha.
Natasha is lightly wounded.
You closely miss the goblin. Natasha claws you.
* * * LOW HITPOINT WARNING * * *
The goblin closely misses you.
It was a potion of cancellation.
You feel magically purged.
Natasha wildly gestures.
You feel disoriented. Natasha barely misses you.
The goblin hits you but does no damage.
Unknown command.
As you read the scroll labeled IKEIFU TUORU, it crumbles to dust.
It is a scroll of enchant armour.
Really abort (and waste the scroll)? [Y]es or [N]o only, please.
Really abort (and waste the scroll)?
Really abort (and waste the scroll)? [Y]es or [N]o only, please.
Really abort (and waste the scroll)? [Y]es or [N]o only, please.
Really abort (and waste the scroll)?
Your +0 animal skin glows green for a moment.
Natasha claws you.
You die...

Skill      XL: |  1  2  3 |
---------------+----------+-----
Axes           | 4 |  4.2
Armour         | 3 |  3.3
Dodging        | 3 |  3.0
Fighting       | |  3.6

Action                   || total
-------------------------++-------
Melee: Hand axe          ||    68
       Headbutt          ||    10
  Use: Scroll            ||     1
       Potion            ||     1
Armor: Animal skin       ||    10
Dodge: Dodged            ||    51

Vault maps used:
D:1:      dpeg_cavernosity
D:2:      minitemple, first_ration, uniq_natasha

Notes
Turn   | Place    | Note
-------+----------+-------------------------------------------
     0 | D:1      | OldarM the Minotaur Berserker began the quest for the Orb.
     0 | D:1      | Reached XP level 1. HP: 19/19 MP: 0/0
   507 | D:1      | Reached XP level 2. HP: 26/26 MP: 1/1
   564 | D:1      | Reached skill level 4 in Axes
   735 | D:1      | Reached skill level 3 in Armour
  1135 | D:2      | Noticed Natasha
  1135 | D:2      | Reached XP level 3. HP: 22/31 MP: 2/2
  1139 | D:2      | Reached skill level 3 in Dodging
  1146 | D:1      | Slain by Natasha

Vanquished Creatures
  An adder (D:2)
  2 dart slugs (D:1)
  A leopard gecko (D:2)
  4 bats (D:1)
  3 giant cockroaches (D:1)
  2 hobgoblins
  2 jackals (D:2)
  2 frilled lizards (D:1)
  4 goblins
  2 kobolds
  3 rats
  A fungus (D:1)
27 creatures vanquished.

Table legend:
 A = Turns spent in this place as a percentage of turns spent in the entire game.
 B = Non-inter-level travel turns spent in this place as a percentage of non-inter-level travel turns spent in the entire game.
 C = Inter-level travel turns spent in this place as a percentage of turns spent in this place.
 D = Turns resting spent in this place as a percentage of non-inter-level travel turns spent in this place.
 E = Turns spent auto-exploring this place as a percentage of non-inter-level travel turns spent in this place.
 F = Non-inter-level travel turns spent in this place divided by the number of levels of this place that you've seen.
                   A       B       C       D       E      F
               +-------+-------+-------+-------+-------+----------------------
         Total | 100.0 | 100.0 |   2.4 |   9.2 |  55.5 | 559.0
       Dungeon | 100.0 | 100.0 |   2.4 |   9.2 |  55.5 | 559.0
               +-------+-------+-------+-------+-------+----------------------

Table legend:
 A = Spawn XP
 B = Non-spawn XP
 C = Spawn XP percentage of total XP
 D = Spawn monster count
 E = Non-spawn monster count
 F = Spawn count percentage of total count
 G = Total turns spent on level
                    A         B        C        D         E        F      G
               +---------+---------+-------+---------+---------+-------+---------
         Total |       0 |      57 |   0.0 |       0 |      26 |   0.0 |  1146
               +---------+---------+-------+---------+---------+-------+---------
           D:1 |       0 |      31 |   0.0 |       0 |      18 |   0.0 |  1117
           D:2 |       0 |      26 |   0.0 |       0 |       8 |   0.0 |    29
               +---------+---------+-------+---------+---------+-------+---------
